 Dungeon Crawl Stone Soup version 0.30-b1-2-g02819fbbbe (webtiles) character file.

Game seed: 10927204586459954949

35 Borgoz the Slasher (level 3, -1/28 HPs)
             Began as a Human Gladiator on June 25, 2023.
             Slain by a goblin
             ... wielding a +0 club
             ... led by Robin
              (2 damage)
             ... on level 2 of the Dungeon.
             The game lasted 00:01:25 (1254 turns).

Borgoz the Slasher (Human Gladiator)                Turns: 1254, Time: 00:01:26

Health: -1/28      AC:  5    Str: 16    XL:     3   Next: 55%
Magic:  3/3        EV: 12    Int:  8    God:
Gold:   33         SH:  0    Dex: 14    Spells: 2/2 levels left

rFire   . . .        a - +1 long sword
rCold   . . .        (no shield)
rNeg    . . .        b - +0 leather armour
rPois   .            c - +0 helmet
rElec   .            (no cloak)
rCorr   .            (no gloves)
SInv    .            j - +0 pair of boots
Will    .....        (no amulet)
Stlth   +            (no ring)
HPRegen 0.24/turn    (no ring)
MPRegen 0.08/turn

%: no passive effects
@: no status effects
A: no striking features
a: no special abilities


You were on level 2 of the Dungeon.
You visited 1 branch of the dungeon, and saw 2 of its levels.

You collected 33 gold pieces.

Inventory:

Hand Weapons
 a - a +1 long sword (weapon)
Missiles
 d - 2 throwing nets (quivered)
 e - a javelin
Armour
 b - a +0 leather armour (worn)
 c - a +0 helmet (worn)
 j - a +0 pair of boots (worn)
Scrolls
 i - a scroll of fear {unknown}


   Skills:
 + Level 2.4 Fighting
 * Level 3.7 Long Blades
 - Level 2.0 Throwing
 + Level 3.3 Dodging


You had 2 spell levels left.
You didn't know any spells.
Your spell library was empty.

Dungeon Overview and Level Annotations

Branches:
Dungeon (2/15)

Altars:

Shops:
D:1 :

Annotations:
D:2 Robin


Message History

You kill the goblin!
The frilled lizard misses you. The goblin misses you.
A goblin comes into view. It is wielding a +0 dagger.
The goblin misses you. The goblin hits you but does no damage.
The goblin misses you. The frilled lizard closely misses you.
The hobgoblin hits you.
A goblin comes into view. It is wielding a +0 dagger.
You feel better. The goblin barely misses you. The frilled lizard bites you.
The goblin hits you but does no damage. The hobgoblin barely misses you.
The goblin hits you with a +0 club.
You closely miss the goblin. The goblin closely misses you. x2
The frilled lizard barely misses you. The hobgoblin barely misses you.
The goblin barely misses you.
You hit the goblin.
You kill the goblin!
The goblin no longer looks unusually strong.
Robin roars a battlecry!
The goblin goes into a battle-frenzy!
The frilled lizard bites you. The goblin hits you with a +0 club.
You slash the goblin!
You kill the goblin!
The frilled lizard bites you but does no damage.
The hobgoblin hits you.
* * * LOW HITPOINT WARNING * * *
The hobgoblin hits you.
* * * LOW HITPOINT WARNING * * *
You aren't carrying any potions.
Unknown command.
The air fills with toxic fumes!
As you read the scroll labelled BITRYUMUKH, it crumbles to dust.
It was a scroll of poison.
The goblin no longer looks unusually strong.
The hobgoblin no longer looks unusually strong.
The frilled lizard misses you. The goblin closely misses you.
The hobgoblin closely misses you. x2; The goblin closely misses you.
As you read the scroll labelled PEUSKU POKI, it crumbles to dust.
It is a scroll of enchant weapon.
Your +0 long sword glows red for a moment.
Robin closely misses you. The goblin hits you with a +0 club.
You die...

#.......# ###.......#
..........# #.......###
#. #.........#
..###########.######.
.......##............ §
.........§§##§######§§§§
.#.....§§§§§§g@ggg§§§§
#....#######gglgg§§§§
#....# #§§Kg§§§§§ #....#
#§§§§§§§§§
#..).#######§§§§§§§§§
#..........§§§§§§§§§§
#....#######§§§§§§§§§
#....# ######§§§# #....#


You could see Robin, 2 hobgoblins, 6 goblins, a kobold and a frilled lizard.

Vanquished Creatures
  A dart slug (D:1)
  3 ball pythons (D:1)
  2 endoplasms (D:1)
  5 goblins (D:2)
  2 hobgoblins (D:1)
  6 jackals (D:1)
  2 kobolds (D:1)
  2 quokkas (D:1)
  2 bats
  A frilled lizard (D:1)
  2 rats
28 creatures vanquished.

Notes
Turn   | Place    | Note
-------+----------+-------------------------------------------
     0 | D:1      | Borgoz the Human Gladiator began the quest for the Orb.
     0 | D:1      | Reached XP level 1. HP: 16/16 MP: 1/1
    40 | D:1      | Found Cobergho's Vocational Training.
   122 | D:1      | Reached XP level 2. HP: 5/22 MP: 2/2
   123 | D:1      | HP: 1/22 [jackal (3)]
   657 | D:1      | Reached XP level 3. HP: 28/28 MP: 3/3
  1238 | D:2      | Noticed Robin
  1252 | D:2      | HP: 1/28 [hobgoblin[Robin] (5)]
  1254 | D:2      | Slain by a goblin

Illustrated notes

Levels and vault maps discovered:
D:1:      evilmike_arrival_hilbert_curve, layout_loops_corners,
          nicolae_shop_vocational
D:2:      layout_rooms, uniq_robin

Action                     || total
---------------------------++-------
  Melee: Long sword        ||    77
  Throw: Throwing net      ||     1
    Use: Potion            ||     3
         Scroll            ||     2
   Stab: Held in net/web   ||     1
         Sleeping          ||     1
 Armour: Leather armour    ||    48
  Dodge: Dodged            ||    81
